Calgary Flames vs Winnipeg Jets
(R1)
Created - Tuesday, December 3, 2024 at 08:53
Goals
|
| Calgary Flames |
3 |
0 |
4 |
7 |
| Winnipeg Jets |
1 |
1 |
2 |
4 |
|
Shots
|
| Calgary Flames |
13 |
9 |
20 |
42 |
| Winnipeg Jets |
6 |
10 |
8 |
24 |
|
1st period
1. Calgary Flames , Matthew Tkachuk 34 (J.T. Miller 54, Nic Dowd 21) at 1:33
2. Calgary Flames , Joel Eriksson Ek 40 (Sebastian Aho 48, Zach Hyman 19) at 7:34
3. Winnipeg Jets , Mason Appleton 21 (Connor Bedard 49) at 11:54
4. Calgary Flames , Rasmus Andersson 7 (Matthew Tkachuk 49, Joel Eriksson Ek 44) at 13:47 (PP)
Penalties :
Brayden Pachal (WPG) for Fighting (Major) at 8:09, Jeff Petry (CGY) for Fighting (Major) at 8:09, Michael Kesselring (WPG) for High sticking (Minor) at 12:29, Brayden Pachal (WPG) for Holding (Minor) at 18:41
2nd period
5. Winnipeg Jets , Connor Bedard 23 (Barclay Goodrow 7) at 17:57
Penalties :
Jake Middleton (CGY) for High sticking (Double Minor) at 12:12, Joel Eriksson Ek (CGY) for Holding (Minor) at 18:37
3rd period
6. Winnipeg Jets , Alexis Lafreniere 29 (Connor McDavid 61, Jason Zucker 24) at 0:46
7. Calgary Flames , Pavel Zacha 27 (Matthew Tkachuk 50, J.T. Miller 55) at 2:30
8. Calgary Flames , Nic Dowd 10 (Yakov Trenin 11) at 4:03
9. Winnipeg Jets , Connor Bedard 24 (Andre Burakovsky 17) at 5:20 (PP)
10. Calgary Flames , Matthew Tkachuk 35 (Joel Eriksson Ek 45, Jeff Petry 11) at 6:22 (PP)
11. Calgary Flames , Joel Eriksson Ek 41 (Sebastian Aho 49, Rasmus Andersson 29) at 15:22
Penalties :
Jake Middleton (CGY) for Holding (Minor) at 4:43, Oliver Ekman-Larsson (WPG) for Tripping (Minor) at 5:44, Jake Middleton (CGY) for Interference (Minor) at 7:22, Alexis Lafreniere (WPG) for High sticking (Minor) at 11:42, Brayden Pachal (WPG) for Tripping (Minor) at 15:45, Ridly Greig (WPG) for Holding (Minor) at 18:07
Goalie Stats
Ilya Sorokin (CGY), 20 saves from 24 shots - (0.833), W, 36-17-4, 60:00 minutes
Ukko-Pekka Luukkonen (WPG), 35 saves from 42 shots - (0.833), L, 26-21-8, 60:00 minutes
Players Stats for Calgary Flames
Player Name G A P +/- PIM S H SB GA TA FO MP PP MP PK MP
------------------------------------------------------------------------------------
Cole Sillinger 0 0 0 -1 0 0 1 2 0 1 2/2 11:05 0:00 1:17
Drew Doughty 0 0 0 -1 0 2 1 1 0 1 0/0 24:58 4:43 4:14
Garnet Hathaway 0 0 0 0 0 1 1 1 0 0 0/1 7:32 0:00 0:00
J.T. Miller 0 2 2 2 0 7 2 0 0 1 13/18 20:52 4:40 4:03
Jake Middleton 0 0 0 1 8 2 2 2 0 0 0/0 14:06 0:49 0:30
Jeff Petry 0 1 1 2 5 0 1 1 0 0 0/0 20:16 4:13 2:50
Jeremy Lauzon 0 0 0 1 0 1 0 1 0 2 0/0 23:06 5:02 4:20
Joel Eriksson Ek 2 2 4 0 2 6 1 0 0 0 6/11 20:19 5:05 2:53
Mathieu Joseph 0 0 0 0 0 2 3 1 0 1 0/0 9:31 0:00 0:00
Matthew Tkachuk 2 2 4 1 0 7 1 0 2 2 1/2 21:08 5:05 3:54
Nic Dowd 1 1 2 0 0 2 0 0 0 0 1/3 7:32 0:00 0:00
Oliver Bjorkstrand 0 0 0 0 0 1 0 0 1 0 7/13 14:15 4:40 0:00
Pavel Zacha 1 0 1 2 0 3 1 0 0 0 4/9 21:33 5:05 4:03
Rasmus Andersson 1 1 2 0 0 4 0 3 0 0 0/0 25:46 4:43 5:14
Sebastian Aho 0 2 2 1 0 1 1 0 0 0 4/9 12:13 0:00 0:21
Vincent Desharnais 0 0 0 1 0 0 0 0 0 1 0/0 12:17 0:00 0:00
Yakov Trenin 0 1 1 0 0 1 0 0 0 0 0/1 7:32 0:00 0:00
Zach Hyman 0 1 1 1 0 2 0 0 0 0 2/3 17:20 4:40 0:37
Players Stats for Winnipeg Jets
Player Name G A P +/- PIM S H SB GA TA FO MP PP MP PK MP
------------------------------------------------------------------------------------
Adam Lowry 0 0 0 0 0 3 0 0 2 0 9/12 19:09 4:09 5:12
Alexis Lafreniere 1 0 1 -1 2 3 1 0 1 0 0/1 16:32 4:25 0:00
Andre Burakovsky 0 1 1 0 0 3 2 0 1 0 0/1 13:45 3:59 0:00
Barclay Goodrow 0 1 1 -1 0 1 2 1 0 1 4/10 16:18 0:00 4:26
Brayden Pachal 0 0 0 0 9 0 2 0 0 0 0/0 8:52 0:00 0:26
Cam Atkinson 0 0 0 0 0 0 0 1 0 0 0/0 7:54 0:00 0:00
Connor Bedard 2 1 3 -1 0 4 1 0 4 0 6/18 15:10 4:09 0:00
Connor McDavid 0 1 1 -1 0 0 2 1 1 0 11/21 21:25 4:25 4:26
Dylan Samberg 0 0 0 -2 0 2 2 0 0 0 0/0 22:34 3:50 4:58
Jason Zucker 0 1 1 -1 0 1 1 2 0 0 1/1 21:46 4:25 5:12
Mason Appleton 1 0 1 -1 0 1 1 0 0 0 0/2 11:25 0:00 0:00
Michael Amadio 0 0 0 0 0 1 1 0 0 0 0/1 7:54 0:00 0:00
Michael Kesselring 0 0 0 -2 2 1 0 1 0 0 0/0 19:39 0:00 4:09
Olen Zellweger 0 0 0 1 0 0 0 1 0 0 0/0 20:56 4:44 5:36
Oliver Ekman-Larsson 0 0 0 0 2 2 1 1 0 0 0/0 27:27 4:44 4:47
Olli Maatta 0 0 0 -1 0 2 1 2 0 0 0/0 21:21 3:50 0:00
Ridly Greig 0 0 0 0 2 0 1 1 0 1 1/5 8:17 0:10 0:14
Sam Steel 0 0 0 0 0 0 2 0 0 1 0/0 10:10 0:00 0:00
3 Stars
1 - Matthew Tkachuk (CGY)
2 - Joel Eriksson Ek (CGY)
3 - Connor Bedard (WPG)
Power Play
Calgary Flames - 2 on 6 Attempt(s) - 33.33%
Winnipeg Jets - 1 on 5 Attempt(s) - 20.00%
Penalty Kill
Calgary Flames - 4 on 5 Attempt(s) - 80.00%
- Score 0 goal in Penalty Kill
Winnipeg Jets - 4 on 6 Attempt(s) - 66.67%
- Score 0 goal in Penalty Kill
Team Stat
Calgary Flames - Hits : 15 - Faceoff Wins : 40 - Blocked Shots : 12 - Penalty Minutes : 15
Winnipeg Jets - Hits : 20 - Faceoff Wins : 32 - Blocked Shots : 11 - Penalty Minutes : 17
Official
Referees : Garrett Rank and Jon Mcisaac
Linesman : Tyson Baker and CJ Murray
Game Notes
Brayden Pachal and Jeff Petry fight to a draw at 8:09 of 1st period
Finance
Level 1 -- Attendance: 5899 (98.32%) -- Ticket Income $542,708
Level 2 -- Attendance: 4794 (95.88%) -- Ticket Income $263,670
Level 3 -- Attendance: 2886 (96.20%) -- Ticket Income $86,580
Level 4 -- Attendance: 5000 (100.00%) -- Ticket Income $110,000
Luxury Box -- Attendance: 969 (96.90%) -- Ticket Income $184,110
Game was played at the MTS Centre.
Total Attendance: 19548 (97.74%)
Total Ticket Income: $1,187,068
Other Income: $415,474
Total Income: $1,602,542
Calgary Flames
5 vs 5 Forward
Center Left Wing Right Wing Time % Phy DF OF
1 J.T. Miller Pavel Zacha Matthew Tkachuk 30 1 2 2
2 Sebastian Aho Zach Hyman Joel Eriksson Ek 30 1 2 2
3 Oliver Bjorkstrand Cole Sillinger Mathieu Joseph 25 1 2 2
4 Nic Dowd Yakov Trenin Garnet Hathaway 15 1 2 2
5 vs 5 Defense
Defense Defense Time % Phy DF OF
1 Drew Doughty Rasmus Andersson 35 1 2 2
2 Jeff Petry Jeremy Lauzon 35 1 2 2
3 Jake Middleton Vincent Desharnais 30 1 2 2
4 Drew Doughty Rasmus Andersson 0 1 2 2
PowerPlay Forward
Center Left Wing Right Wing Time % Phy DF OF
1 Joel Eriksson Ek Pavel Zacha Matthew Tkachuk 50 1 2 2
2 Oliver Bjorkstrand Zach Hyman J.T. Miller 50 1 2 2
PowerPlay Defense
Defense Defense Time % Phy DF OF
1 Drew Doughty Rasmus Andersson 50 1 2 2
2 Jeremy Lauzon Jeff Petry 50 1 2 2
Penalty Kill 4 Players Forward
Center Wing Time % Phy DF OF
1 Pavel Zacha J.T. Miller 50 1 2 2
2 Joel Eriksson Ek Matthew Tkachuk 50 1 2 2
Penalty Kill 4 Players Defense
Defense Defense Time % Phy DF OF
1 Drew Doughty Rasmus Andersson 50 1 2 2
2 Jake Middleton Jeremy Lauzon 50 1 2 2
Penalty Kill - 3 Players Forward
Forward Time % Phy DF OF
1 Matthew Tkachuk 50 1 2 2
2 Pavel Zacha 50 1 2 2
Penalty Kill - 3 Players Defense
Defense Defense Time % Phy DF OF
1 Drew Doughty Rasmus Andersson 50 1 2 2
2 Jeremy Lauzon Jake Middleton 50 1 2 2
4 vs 4 Forward
Center Wing Time % Phy DF OF
1 Pavel Zacha J.T. Miller 50 1 2 2
2 Joel Eriksson Ek Matthew Tkachuk 50 1 2 2
4 vs 4 Defense
Defense Defense Time % Phy DF OF
1 Drew Doughty Rasmus Andersson 50 1 2 2
2 Jake Middleton Vincent Desharnais 50 1 2 2
Last Minutes Offensive
Center Left Wing Right Wing Defense Defense
J.T. Miller Pavel Zacha Matthew Tkachuk Drew Doughty Rasmus Andersson
Last Minutes Defensive
Center Left Wing Right Wing Defense Defense
J.T. Miller Pavel Zacha Matthew Tkachuk Drew Doughty Rasmus Andersson
Goaltenders
Starting : Ilya Sorokin
Backup : Samuel Montembeault
Extra Forwards
Normal : Nic Dowd, Oliver Bjorkstrand, Cole Sillinger - PP : Nic Dowd, Oliver Bjorkstrand - PK : Cole Sillinger
Extra Defensemen
Normal : Jake Middleton, Jeremy Lauzon, Rasmus Andersson - PP : Jake Middleton - PK : Jeremy Lauzon, Rasmus Andersson
Penalty Shots
J.T. Miller, Nic Dowd, Joel Eriksson Ek, Matthew Tkachuk, Pavel Zacha
Scratches
Timo Meier (Healthy), Noel Acciari (Healthy), Rafael Harvey-Pinard (Healthy), Kris Letang (Healthy)
Winnipeg Jets
5 vs 5 Forward
Center Left Wing Right Wing Time % Phy DF OF
1 Connor McDavid Alexis Lafreniere Jason Zucker 30 1 2 2
2 Connor Bedard Mason Appleton Barclay Goodrow 30 1 2 2
3 Adam Lowry Andre Burakovsky Sam Steel 25 1 2 2
4 Ridly Greig Michael Amadio Cam Atkinson 15 1 2 2
5 vs 5 Defense
Defense Defense Time % Phy DF OF
1 Oliver Ekman-Larsson Olli Maatta 30 1 2 2
2 Dylan Samberg Michael Kesselring 30 1 2 2
3 Brayden Pachal Olen Zellweger 25 1 2 2
4 Oliver Ekman-Larsson Olli Maatta 15 1 2 2
PowerPlay Forward
Center Left Wing Right Wing Time % Phy DF OF
1 Connor McDavid Alexis Lafreniere Jason Zucker 50 1 2 2
2 Connor Bedard Adam Lowry Andre Burakovsky 50 1 2 2
PowerPlay Defense
Defense Defense Time % Phy DF OF
1 Oliver Ekman-Larsson Olen Zellweger 50 1 2 2
2 Dylan Samberg Olli Maatta 50 1 2 2
Penalty Kill 4 Players Forward
Center Wing Time % Phy DF OF
1 Adam Lowry Jason Zucker 50 1 2 2
2 Barclay Goodrow Connor McDavid 50 1 2 2
Penalty Kill 4 Players Defense
Defense Defense Time % Phy DF OF
1 Olen Zellweger Oliver Ekman-Larsson 50 1 2 2
2 Dylan Samberg Michael Kesselring 50 1 2 2
Penalty Kill - 3 Players Forward
Forward Time % Phy DF OF
1 Adam Lowry 50 1 2 2
2 Barclay Goodrow 50 1 2 2
Penalty Kill - 3 Players Defense
Defense Defense Time % Phy DF OF
1 Olen Zellweger Dylan Samberg 50 1 2 2
2 Olli Maatta Oliver Ekman-Larsson 50 1 2 2
4 vs 4 Forward
Center Wing Time % Phy DF OF
1 Connor McDavid Jason Zucker 50 1 2 2
2 Adam Lowry Barclay Goodrow 50 1 2 2
4 vs 4 Defense
Defense Defense Time % Phy DF OF
1 Oliver Ekman-Larsson Olli Maatta 50 1 2 2
2 Olen Zellweger Michael Kesselring 50 1 2 2
Last Minutes Offensive
Center Left Wing Right Wing Defense Defense
Connor McDavid Alexis Lafreniere Connor Bedard Oliver Ekman-Larsson Olen Zellweger
Last Minutes Defensive
Center Left Wing Right Wing Defense Defense
Adam Lowry Barclay Goodrow Jason Zucker Michael Kesselring Olli Maatta
Goaltenders
Starting : Ukko-Pekka Luukkonen
Backup : Martin Jones
Extra Forwards
Normal : Ridly Greig, Andre Burakovsky, Jason Zucker - PP : Ridly Greig, Sam Steel - PK : Ridly Greig
Extra Defensemen
Normal : Olli Maatta, Michael Kesselring, Dylan Samberg - PP : Michael Kesselring - PK : Olen Zellweger, Dylan Samberg
Penalty Shots
Connor McDavid, Connor Bedard, Alexis Lafreniere, Andre Burakovsky, Jason Zucker
Scratches
Oliver Kylington (Healthy), Nate Schmidt (Healthy), Joel Armia (Left Hip Injury)
% Time on Ice - Calgary Flames
Lines # - Real PCT - Wanted PCT - Time Play
Normal Forward
1 - 30% - 30% - 12:32
2 - 29% - 30% - 12:06
3 - 23% - 25% - 9:31
4 - 18% - 15% - 7:32
Normal Defense
1 - 35% - 35% - 14:46
2 - 35% - 35% - 14:38
3 - 29% - 30% - 12:17
4 - 0% - 0% - 0:00
PP Forward
1 - 52% - 50% - 5:05
2 - 48% - 50% - 4:40
PP Defense
1 - 48% - 50% - 4:43
2 - 52% - 50% - 5:02
PK Forward
1 - 49% - 50% - 4:10
2 - 51% - 50% - 4:24
PK Defense
1 - 47% - 50% - 4:01
2 - 53% - 50% - 4:33
PK3 Forward
1 - 0% - 50%
2 - 0% - 50%
PK3 Defense
1 - 0% - 50%
2 - 0% - 50%
44 Forward
1 - 0% - 50%
2 - 0% - 50%
44 Defense
1 - 0% - 50%
2 - 0% - 50%
Last Minute Offensive - 0:00
Last Minute Defensive - 0:00
Total
Forward - 60:00
Defense - 60:00
|
% Time on Ice - Winnipeg Jets
Lines # - Real PCT - Wanted PCT - Time Play
Normal Forward
1 - 29% - 30% - 12:09
2 - 28% - 30% - 11:52
3 - 23% - 25% - 9:46
4 - 19% - 15% - 7:54
Normal Defense
1 - 32% - 30% - 13:21
2 - 33% - 30% - 13:46
3 - 24% - 25% - 9:58
4 - 11% - 15% - 4:36
PP Forward
1 - 52% - 50% - 4:25
2 - 48% - 50% - 4:09
PP Defense
1 - 55% - 50% - 4:44
2 - 45% - 50% - 3:50
PK Forward
1 - 53% - 50% - 5:12
2 - 47% - 50% - 4:33
PK Defense
1 - 49% - 50% - 4:47
2 - 51% - 50% - 4:58
PK3 Forward
1 - 0% - 50%
2 - 0% - 50%
PK3 Defense
1 - 0% - 50%
2 - 0% - 50%
44 Forward
1 - 0% - 50%
2 - 0% - 50%
44 Defense
1 - 0% - 50%
2 - 0% - 50%
Last Minute Offensive - 0:00
Last Minute Defensive - 0:00
Total
Forward - 60:00
Defense - 60:00
|
Play-by-Play
1st period
0:01 of 1st period - Connor McDavid wins face-off versus J.T. Miller in neutral zone.
0:10 of 1st period - Oliver Ekman-Larsson is hit by Drew Doughty and loses puck.
1:33 of 1st period - Slapshot by Matthew Tkachuk.
1:33 of 1st period - Goal by Matthew Tkachuk - Calgary Flames : 1 - Winnipeg Jets : 0.
1:34 of 1st period - Sebastian Aho wins face-off versus Connor Bedard in neutral zone.
2:11 of 1st period - Brayden Pachal is hit by Cole Sillinger and loses puck.
2:44 of 1st period - J.T. Miller is hit by Mason Appleton and loses puck.
3:12 of 1st period - Vincent Desharnais is hit by Dylan Samberg and loses puck.
3:58 of 1st period - Snap shot by Garnet Hathaway.
3:58 of 1st period - Shot Misses the Net.
4:00 of 1st period - Backhand shot by Jeremy Lauzon.
4:00 of 1st period - Shot Misses the Net.
5:13 of 1st period - Icing by Rasmus Andersson.
5:14 of 1st period - Adam Lowry wins face-off versus Sebastian Aho in Calgary Flames zone.
5:37 of 1st period - Snap shot by Joel Eriksson Ek.
5:37 of 1st period - Stopped by Ukko-Pekka Luukkonen with a rebound.
5:44 of 1st period - Icing by Andre Burakovsky.
5:45 of 1st period - J.T. Miller wins face-off versus Adam Lowry in Winnipeg Jets zone.
5:48 of 1st period - Slapshot by Matthew Tkachuk.
5:48 of 1st period - Shot Misses the Net.
6:06 of 1st period - Snap shot by Andre Burakovsky.
6:06 of 1st period - Stopped by Ilya Sorokin with a rebound.
6:51 of 1st period - Icing by Connor Bedard.
6:52 of 1st period - Connor Bedard wins face-off versus Joel Eriksson Ek in Winnipeg Jets zone.
7:19 of 1st period - Dylan Samberg is hit by Jake Middleton and loses puck.
7:34 of 1st period - Snap shot by Joel Eriksson Ek.
7:34 of 1st period - Goal by Joel Eriksson Ek - Calgary Flames : 2 - Winnipeg Jets : 0.
7:35 of 1st period - Matthew Tkachuk wins face-off versus Connor McDavid in neutral zone.
7:38 of 1st period - Wrist shot by J.T. Miller.
7:38 of 1st period - Stopped by Ukko-Pekka Luukkonen without a rebound.
7:39 of 1st period - J.T. Miller wins face-off versus Connor McDavid in Winnipeg Jets zone.
7:54 of 1st period - Backhand shot by Matthew Tkachuk.
7:54 of 1st period - Shot Blocked by Olli Maatta.
7:56 of 1st period - Wrist shot by Rasmus Andersson.
7:56 of 1st period - Stopped by Ukko-Pekka Luukkonen without a rebound.
7:57 of 1st period - Oliver Bjorkstrand wins face-off versus Ridly Greig in Winnipeg Jets zone.
7:58 of 1st period - Backhand shot by Mathieu Joseph.
7:58 of 1st period - Shot Misses the Net.
8:09 of 1st period - Brayden Pachal and Jeff Petry fight to a draw.
8:09 of 1st period - Penalty to Brayden Pachal for Fighting.
8:09 of 1st period - Penalty to Jeff Petry for Fighting.
8:10 of 1st period - Connor McDavid wins face-off versus Pavel Zacha in Winnipeg Jets zone.
8:37 of 1st period - Oliver Bjorkstrand is hit by Connor Bedard and loses puck.
9:03 of 1st period - Rasmus Andersson is hit by Olli Maatta and loses puck.
9:08 of 1st period - Wrist shot by Ridly Greig.
9:08 of 1st period - Shot Misses the Net.
9:10 of 1st period - Slapshot by Olli Maatta.
9:10 of 1st period - Stopped by Ilya Sorokin with a rebound.
9:22 of 1st period - Slapshot by Nic Dowd.
9:22 of 1st period - Shot Misses the Net.
10:10 of 1st period - Vincent Desharnais is hit by Sam Steel and loses puck.
10:58 of 1st period - Snap shot by Adam Lowry.
10:58 of 1st period - Stopped by Ilya Sorokin without a rebound.
10:59 of 1st period - Connor McDavid wins face-off versus J.T. Miller in Calgary Flames zone.
11:48 of 1st period - Wrist shot by Yakov Trenin.
11:48 of 1st period - Deflect By Nic Dowd.
11:48 of 1st period - Stopped by Ukko-Pekka Luukkonen with a rebound.
11:54 of 1st period - Snap shot by Mason Appleton.
11:54 of 1st period - Goal by Mason Appleton - Calgary Flames : 2 - Winnipeg Jets : 1.
11:55 of 1st period - Connor McDavid wins face-off versus J.T. Miller in neutral zone.
12:06 of 1st period - Wrist shot by J.T. Miller.
12:06 of 1st period - Deflect By Matthew Tkachuk.
12:06 of 1st period - Shot Blocked by Jason Zucker.
12:06 of 1st period - Puck is out of play.
12:07 of 1st period - J.T. Miller wins face-off versus Connor Bedard in Winnipeg Jets zone.
12:29 of 1st period - Minor Penalty to Michael Kesselring for High sticking.
12:30 of 1st period - Joel Eriksson Ek wins face-off versus Adam Lowry in Winnipeg Jets zone.
12:33 of 1st period - Snap shot by Matthew Tkachuk.
12:33 of 1st period - Stopped by Ukko-Pekka Luukkonen with a rebound.
12:35 of 1st period - Snap shot by Rasmus Andersson.
12:35 of 1st period - Deflect By Joel Eriksson Ek.
12:35 of 1st period - Stopped by Ukko-Pekka Luukkonen without a rebound.
12:36 of 1st period - Joel Eriksson Ek wins face-off versus Adam Lowry in Winnipeg Jets zone.
12:45 of 1st period - Snap shot by Matthew Tkachuk.
12:45 of 1st period - Deflect By Joel Eriksson Ek.
12:45 of 1st period - Shot Misses the Net.
12:45 of 1st period - Puck is out of play.
12:46 of 1st period - Barclay Goodrow wins face-off versus Oliver Bjorkstrand in Winnipeg Jets zone.
13:05 of 1st period - Wrist shot by Adam Lowry.
13:05 of 1st period - Stopped by Ilya Sorokin with a rebound.
13:09 of 1st period - Penalty to Brayden Pachal is over, Brayden Pachal is back on ice.
13:11 of 1st period - Adam Lowry is hit by J.T. Miller and loses puck.
13:20 of 1st period - Wrist shot by Zach Hyman.
13:20 of 1st period - Shot Misses the Net.
13:32 of 1st period - Slapshot by J.T. Miller.
13:32 of 1st period - Shot Misses the Net.
13:34 of 1st period - Wrist shot by Jeremy Lauzon.
13:34 of 1st period - Stopped by Ukko-Pekka Luukkonen without a rebound.
13:35 of 1st period - Joel Eriksson Ek wins face-off versus Barclay Goodrow in Winnipeg Jets zone.
13:45 of 1st period - Snap shot by Matthew Tkachuk.
13:45 of 1st period - Shot Misses the Net.
13:47 of 1st period - Slapshot by Rasmus Andersson.
13:47 of 1st period - Goal by Rasmus Andersson - Calgary Flames : 3 - Winnipeg Jets : 1.
13:48 of 1st period - Connor McDavid wins face-off versus Oliver Bjorkstrand in neutral zone.
14:05 of 1st period - Drew Doughty is hit by Connor McDavid and loses puck.
14:16 of 1st period - Snap shot by Cam Atkinson.
14:16 of 1st period - Shot Misses the Net.
14:22 of 1st period - Snap shot by Michael Amadio.
14:22 of 1st period - Stopped by Ilya Sorokin without a rebound.
14:23 of 1st period - Barclay Goodrow wins face-off versus Sebastian Aho in Calgary Flames zone.
14:59 of 1st period - Snap shot by J.T. Miller.
14:59 of 1st period - Shot Blocked by Jason Zucker.
15:01 of 1st period - Slapshot by Jake Middleton.
15:01 of 1st period - Stopped by Ukko-Pekka Luukkonen without a rebound.
15:02 of 1st period - Oliver Bjorkstrand wins face-off versus Ridly Greig in Winnipeg Jets zone.
15:05 of 1st period - Wrist shot by Oliver Bjorkstrand.
15:05 of 1st period - Shot Misses the Net.
15:07 of 1st period - Slapshot by Drew Doughty.
15:07 of 1st period - Deflect By Ridly Greig.
15:07 of 1st period - Stopped by Ukko-Pekka Luukkonen without a rebound.
15:08 of 1st period - Oliver Bjorkstrand wins face-off versus Ridly Greig in Winnipeg Jets zone.
15:17 of 1st period - Slapshot by Drew Doughty.
15:17 of 1st period - Shot Blocked by Oliver Ekman-Larsson.
15:19 of 1st period - Slapshot by Rasmus Andersson.
15:19 of 1st period - Shot Blocked by Cam Atkinson.
15:23 of 1st period - Snap shot by Oliver Bjorkstrand.
15:23 of 1st period - Shot Blocked by Ridly Greig.
15:35 of 1st period - Snap shot by Joel Eriksson Ek.
15:35 of 1st period - Stopped by Ukko-Pekka Luukkonen with a rebound.
15:55 of 1st period - Snap shot by Connor Bedard.
15:55 of 1st period - Shot Misses the Net.
16:24 of 1st period - Off-side.
16:25 of 1st period - Zach Hyman wins face-off versus Connor McDavid in neutral zone.
16:30 of 1st period - Connor McDavid is hit by Joel Eriksson Ek and loses puck.
17:03 of 1st period - Off-side.
17:04 of 1st period - Connor Bedard wins face-off versus Oliver Bjorkstrand in neutral zone.
17:04 of 1st period - Connor Bedard is hit by Mathieu Joseph.
17:30 of 1st period - J.T. Miller is hit by Oliver Ekman-Larsson and loses puck.
17:58 of 1st period - Brayden Pachal is hit by Jeff Petry.
18:41 of 1st period - Minor Penalty to Brayden Pachal for Holding.
18:42 of 1st period - Barclay Goodrow wins face-off versus Joel Eriksson Ek in Winnipeg Jets zone.
Goals for this period are 3 for Calgary Flames vs 1 for Winnipeg Jets.
Shots for this period are 13 for Calgary Flames vs 6 for Winnipeg Jets.
2nd period
0:01 of 2nd period - Joel Eriksson Ek wins face-off versus Barclay Goodrow in neutral zone.
0:13 of 2nd period - Snap shot by Matthew Tkachuk.
0:13 of 2nd period - Stopped by Ukko-Pekka Luukkonen with a rebound.
0:41 of 2nd period - Penalty to Brayden Pachal is over, Brayden Pachal is back on ice.
1:11 of 2nd period - Slapshot by Cam Atkinson.
1:11 of 2nd period - Shot Misses the Net.
1:13 of 2nd period - Slapshot by Dylan Samberg.
1:13 of 2nd period - Stopped by Ilya Sorokin with a rebound.
1:15 of 2nd period - Slapshot by Michael Kesselring.
1:15 of 2nd period - Stopped by Ilya Sorokin without a rebound.
1:16 of 2nd period - Pavel Zacha wins face-off versus Michael Amadio in Calgary Flames zone.
1:23 of 2nd period - Snap shot by J.T. Miller.
1:23 of 2nd period - Shot Misses the Net.
1:31 of 2nd period - J.T. Miller is hit by Michael Amadio and loses puck.
2:44 of 2nd period - Off-side.
2:45 of 2nd period - Connor McDavid wins face-off versus Sebastian Aho in neutral zone.
3:59 of 2nd period - Wrist shot by Sebastian Aho.
3:59 of 2nd period - Shot Blocked by Michael Kesselring.
4:25 of 2nd period - Snap shot by Connor Bedard.
4:25 of 2nd period - Deflect By Barclay Goodrow.
4:25 of 2nd period - Shot Misses the Net.
4:25 of 2nd period - Puck is out of play.
4:26 of 2nd period - Adam Lowry wins face-off versus Garnet Hathaway in Calgary Flames zone.
4:37 of 2nd period - Snap shot by Andre Burakovsky.
4:37 of 2nd period - Shot Blocked by Rasmus Andersson.
4:56 of 2nd period - Wrist shot by Sebastian Aho.
4:56 of 2nd period - Shot Misses the Net.
4:58 of 2nd period - Snap shot by Zach Hyman.
4:58 of 2nd period - Stopped by Ukko-Pekka Luukkonen without a rebound.
4:59 of 2nd period - Connor McDavid wins face-off versus Sebastian Aho in Winnipeg Jets zone.
5:38 of 2nd period - Off-side.
5:39 of 2nd period - J.T. Miller wins face-off versus Connor Bedard in neutral zone.
5:46 of 2nd period - Slapshot by Connor Bedard.
5:46 of 2nd period - Shot Misses the Net.
5:48 of 2nd period - Snap shot by Mason Appleton.
5:48 of 2nd period - Shot Misses the Net.
5:50 of 2nd period - Slapshot by Connor Bedard.
5:50 of 2nd period - Deflect By Mason Appleton.
5:50 of 2nd period - Shot Blocked by Drew Doughty.
5:50 of 2nd period - Puck is out of play.
5:51 of 2nd period - Connor McDavid wins face-off versus Sebastian Aho in Calgary Flames zone.
6:18 of 2nd period - Jeremy Lauzon is hit by Andre Burakovsky and loses puck.
6:27 of 2nd period - Snap shot by Andre Burakovsky.
6:27 of 2nd period - Stopped by Ilya Sorokin with a rebound.
6:47 of 2nd period - Wrist shot by Joel Eriksson Ek.
6:47 of 2nd period - Stopped by Ukko-Pekka Luukkonen with a rebound.
7:22 of 2nd period - Backhand shot by Alexis Lafreniere.
7:22 of 2nd period - Shot Blocked by Jeff Petry.
7:47 of 2nd period - Snap shot by J.T. Miller.
7:47 of 2nd period - Stopped by Ukko-Pekka Luukkonen with a rebound.
7:49 of 2nd period - Snap shot by J.T. Miller.
7:49 of 2nd period - Shot Blocked by Olli Maatta.
7:51 of 2nd period - Wrist shot by Pavel Zacha.
7:51 of 2nd period - Stopped by Ukko-Pekka Luukkonen without a rebound.
7:52 of 2nd period - Connor Bedard wins face-off versus Oliver Bjorkstrand in Winnipeg Jets zone.
7:52 of 2nd period - Connor Bedard is hit by Mathieu Joseph.
7:58 of 2nd period - Snap shot by Mathieu Joseph.
7:58 of 2nd period - Stopped by Ukko-Pekka Luukkonen with a rebound.
8:00 of 2nd period - Wrist shot by Mathieu Joseph.
8:00 of 2nd period - Shot Hit the Post.
8:02 of 2nd period - Slapshot by Rasmus Andersson.
8:02 of 2nd period - Shot Misses the Net.
8:22 of 2nd period - Slapshot by Drew Doughty.
8:22 of 2nd period - Shot Hit the Post.
8:24 of 2nd period - Wrist shot by Garnet Hathaway.
8:24 of 2nd period - Deflect By Yakov Trenin.
8:24 of 2nd period - Shot Misses the Net.
8:24 of 2nd period - Puck is out of play.
8:25 of 2nd period - Adam Lowry wins face-off versus Yakov Trenin in Winnipeg Jets zone.
8:32 of 2nd period - Wrist shot by Andre Burakovsky.
8:32 of 2nd period - Shot Blocked by Jake Middleton.
8:34 of 2nd period - Slapshot by Oliver Ekman-Larsson.
8:34 of 2nd period - Shot Misses the Net.
8:36 of 2nd period - Snap shot by Adam Lowry.
8:36 of 2nd period - Shot Misses the Net.
8:40 of 2nd period - Wrist shot by Sam Steel.
8:40 of 2nd period - Shot Blocked by Garnet Hathaway.
8:42 of 2nd period - Slapshot by Oliver Ekman-Larsson.
8:42 of 2nd period - Shot Misses the Net.
8:44 of 2nd period - Slapshot by Oliver Ekman-Larsson.
8:44 of 2nd period - Stopped by Ilya Sorokin without a rebound.
8:45 of 2nd period - Oliver Bjorkstrand wins face-off versus Connor McDavid in Calgary Flames zone.
9:01 of 2nd period - Alexis Lafreniere is hit by Mathieu Joseph and loses puck.
9:45 of 2nd period - Connor McDavid is hit by Pavel Zacha and loses puck.
10:12 of 2nd period - Backhand shot by Connor McDavid.
10:12 of 2nd period - Deflect By Vincent Desharnais.
10:12 of 2nd period - Shot Blocked by Jake Middleton.
10:12 of 2nd period - Puck is out of play.
10:13 of 2nd period - Connor Bedard wins face-off versus Nic Dowd in Calgary Flames zone.
10:30 of 2nd period - Olli Maatta is hit by Garnet Hathaway and loses puck.
10:47 of 2nd period - Slapshot by Adam Lowry.
10:47 of 2nd period - Stopped by Ilya Sorokin with a rebound.
10:49 of 2nd period - Slapshot by Adam Lowry.
10:49 of 2nd period - Deflect By Andre Burakovsky.
10:49 of 2nd period - Shot Misses the Net.
10:49 of 2nd period - Puck is out of play.
10:50 of 2nd period - Adam Lowry wins face-off versus Zach Hyman in Calgary Flames zone.
11:09 of 2nd period - Andre Burakovsky is hit by Sebastian Aho and loses puck.
11:22 of 2nd period - Wrist shot by Connor Bedard.
11:22 of 2nd period - Shot Misses the Net.
11:24 of 2nd period - Snap shot by Barclay Goodrow.
11:24 of 2nd period - Stopped by Ilya Sorokin with a rebound.
11:26 of 2nd period - Snap shot by Connor Bedard.
11:26 of 2nd period - Shot Misses the Net.
11:28 of 2nd period - Slapshot by Olen Zellweger.
11:28 of 2nd period - Shot Misses the Net.
12:03 of 2nd period - Backhand shot by Nic Dowd.
12:03 of 2nd period - Deflect By Andre Burakovsky.
12:03 of 2nd period - Shot Misses the Net.
12:03 of 2nd period - Puck is out of play.
12:04 of 2nd period - Adam Lowry wins face-off versus Nic Dowd in Winnipeg Jets zone.
12:12 of 2nd period - Double Minor Penalty to Jake Middleton for High sticking.
12:13 of 2nd period - Jason Zucker wins face-off versus Pavel Zacha in Calgary Flames zone.
12:16 of 2nd period - Wrist shot by Connor McDavid.
12:16 of 2nd period - Shot Blocked by Rasmus Andersson.
12:29 of 2nd period - Snap shot by Pavel Zacha.
12:29 of 2nd period - Stopped by Ukko-Pekka Luukkonen without a rebound.
12:30 of 2nd period - Adam Lowry wins face-off versus Matthew Tkachuk in Winnipeg Jets zone.
12:37 of 2nd period - Snap shot by Connor Bedard.
12:37 of 2nd period - Stopped by Ilya Sorokin with a rebound.
12:39 of 2nd period - Wrist shot by Adam Lowry.
12:39 of 2nd period - Shot Misses the Net.
12:41 of 2nd period - Slapshot by Dylan Samberg.
12:41 of 2nd period - Stopped by Ilya Sorokin without a rebound.
12:42 of 2nd period - Adam Lowry wins face-off versus Joel Eriksson Ek in Calgary Flames zone.
13:13 of 2nd period - Snap shot by Alexis Lafreniere.
13:13 of 2nd period - Shot Misses the Net.
13:23 of 2nd period - Rasmus Andersson is hit by Alexis Lafreniere and loses puck.
13:34 of 2nd period - Andre Burakovsky is hit by J.T. Miller and loses puck.
14:51 of 2nd period - Icing by Jason Zucker.
14:52 of 2nd period - Cole Sillinger wins face-off versus Alexis Lafreniere in Winnipeg Jets zone.
14:53 of 2nd period - Snap shot by Zach Hyman.
14:53 of 2nd period - Stopped by Ukko-Pekka Luukkonen without a rebound.
14:54 of 2nd period - Cole Sillinger wins face-off versus Connor Bedard in Winnipeg Jets zone.
15:23 of 2nd period - Backhand shot by J.T. Miller.
15:23 of 2nd period - Shot Misses the Net.
16:12 of 2nd period - Penalty to Jake Middleton is over, Jake Middleton is back on ice.
16:43 of 2nd period - Snap shot by Mathieu Joseph.
16:43 of 2nd period - Stopped by Ukko-Pekka Luukkonen with a rebound.
16:45 of 2nd period - Snap shot by Oliver Bjorkstrand.
16:45 of 2nd period - Shot Blocked by Olen Zellweger.
17:26 of 2nd period - Snap shot by Ridly Greig.
17:26 of 2nd period - Shot Misses the Net.
17:57 of 2nd period - Wrist shot by Connor Bedard.
17:57 of 2nd period - Deflect By Joel Eriksson Ek.
17:57 of 2nd period - Goal by Connor Bedard - Calgary Flames : 3 - Winnipeg Jets : 2.
17:58 of 2nd period - Connor Bedard wins face-off versus J.T. Miller in neutral zone.
18:01 of 2nd period - Slapshot by Oliver Ekman-Larsson.
18:01 of 2nd period - Stopped by Ilya Sorokin without a rebound.
18:02 of 2nd period - J.T. Miller wins face-off versus Connor Bedard in Calgary Flames zone.
18:02 of 2nd period - J.T. Miller is hit by Barclay Goodrow.
18:12 of 2nd period - Snap shot by Matthew Tkachuk.
18:12 of 2nd period - Shot Misses the Net.
18:37 of 2nd period - Minor Penalty to Joel Eriksson Ek for Holding.
18:38 of 2nd period - Pavel Zacha wins face-off versus Connor McDavid in Calgary Flames zone.
19:36 of 2nd period - Jeremy Lauzon is hit by Andre Burakovsky and loses puck.
Goals for this period are 0 for Calgary Flames vs 1 for Winnipeg Jets.
Shots for this period are 9 for Calgary Flames vs 10 for Winnipeg Jets.
3rd period
0:01 of 3rd period - Connor McDavid wins face-off versus Pavel Zacha in neutral zone.
0:04 of 3rd period - Wrist shot by Alexis Lafreniere.
0:04 of 3rd period - Deflect By Rasmus Andersson.
0:04 of 3rd period - Shot Blocked by Rasmus Andersson.
0:04 of 3rd period - Puck is out of play.
0:05 of 3rd period - Connor McDavid wins face-off versus Pavel Zacha in Calgary Flames zone.
0:37 of 3rd period - Penalty to Joel Eriksson Ek is over, Joel Eriksson Ek is back on ice.
0:46 of 3rd period - Snap shot by Alexis Lafreniere.
0:46 of 3rd period - Goal by Alexis Lafreniere - Calgary Flames : 3 - Winnipeg Jets : 3.
0:47 of 3rd period - J.T. Miller wins face-off versus Connor Bedard in neutral zone.
0:58 of 3rd period - Slapshot by J.T. Miller.
0:58 of 3rd period - Shot Misses the Net.
1:12 of 3rd period - Mathieu Joseph is hit by Sam Steel.
1:44 of 3rd period - Snap shot by Sebastian Aho.
1:44 of 3rd period - Stopped by Ukko-Pekka Luukkonen with a rebound.
1:54 of 3rd period - Wrist shot by J.T. Miller.
1:54 of 3rd period - Stopped by Ukko-Pekka Luukkonen with a rebound.
1:56 of 3rd period - Backhand shot by Jake Middleton.
1:56 of 3rd period - Stopped by Ukko-Pekka Luukkonen without a rebound.
1:57 of 3rd period - J.T. Miller wins face-off versus Connor Bedard in Winnipeg Jets zone.
2:00 of 3rd period - Snap shot by Matthew Tkachuk.
2:00 of 3rd period - Stopped by Ukko-Pekka Luukkonen without a rebound.
2:01 of 3rd period - J.T. Miller wins face-off versus Connor Bedard in Winnipeg Jets zone.
2:06 of 3rd period - Snap shot by J.T. Miller.
2:06 of 3rd period - Stopped by Ukko-Pekka Luukkonen with a rebound.
2:08 of 3rd period - Snap shot by J.T. Miller.
2:08 of 3rd period - Stopped by Ukko-Pekka Luukkonen without a rebound.
2:09 of 3rd period - Pavel Zacha wins face-off versus Connor Bedard in Winnipeg Jets zone.
2:10 of 3rd period - Wrist shot by J.T. Miller.
2:10 of 3rd period - Stopped by Ukko-Pekka Luukkonen with a rebound.
2:12 of 3rd period - Snap shot by Pavel Zacha.
2:12 of 3rd period - Shot Blocked by Barclay Goodrow.
2:14 of 3rd period - Wrist shot by Rasmus Andersson.
2:14 of 3rd period - Shot Misses the Net.
2:16 of 3rd period - Slapshot by Rasmus Andersson.
2:16 of 3rd period - Stopped by Ukko-Pekka Luukkonen without a rebound.
2:17 of 3rd period - J.T. Miller wins face-off versus Mason Appleton in Winnipeg Jets zone.
2:28 of 3rd period - Slapshot by Matthew Tkachuk.
2:28 of 3rd period - Stopped by Ukko-Pekka Luukkonen with a rebound.
2:30 of 3rd period - Snap shot by Pavel Zacha.
2:30 of 3rd period - Goal by Pavel Zacha - Calgary Flames : 4 - Winnipeg Jets : 3.
2:31 of 3rd period - Sebastian Aho wins face-off versus Connor McDavid in neutral zone.
3:25 of 3rd period - Dylan Samberg is hit by Matthew Tkachuk.
3:41 of 3rd period - Snap shot by Yakov Trenin.
3:41 of 3rd period - Stopped by Ukko-Pekka Luukkonen with a rebound.
3:43 of 3rd period - Backhand shot by Garnet Hathaway.
3:43 of 3rd period - Stopped by Ukko-Pekka Luukkonen without a rebound.
3:44 of 3rd period - Nic Dowd wins face-off versus Andre Burakovsky in Winnipeg Jets zone.
3:55 of 3rd period - Slapshot by Yakov Trenin.
3:55 of 3rd period - Shot Misses the Net.
4:03 of 3rd period - Snap shot by Nic Dowd.
4:03 of 3rd period - Goal by Nic Dowd - Calgary Flames : 5 - Winnipeg Jets : 3.
4:04 of 3rd period - Sebastian Aho wins face-off versus Mason Appleton in neutral zone.
4:31 of 3rd period - Cole Sillinger is hit by Jason Zucker and loses puck.
4:40 of 3rd period - Snap shot by Alexis Lafreniere.
4:40 of 3rd period - Stopped by Ilya Sorokin without a rebound.
4:41 of 3rd period - J.T. Miller wins face-off versus Connor McDavid in Calgary Flames zone.
4:43 of 3rd period - Minor Penalty to Jake Middleton for Holding.
4:44 of 3rd period - Connor Bedard wins face-off versus Pavel Zacha in Calgary Flames zone.
4:52 of 3rd period - Slapshot by Connor Bedard.
4:52 of 3rd period - Shot Misses the Net.
4:54 of 3rd period - Slapshot by Olli Maatta.
4:54 of 3rd period - Stopped by Ilya Sorokin with a rebound.
4:56 of 3rd period - Slapshot by Olli Maatta.
4:56 of 3rd period - Shot Misses the Net.
4:58 of 3rd period - Snap shot by Andre Burakovsky.
4:58 of 3rd period - Stopped by Ilya Sorokin without a rebound.
4:59 of 3rd period - Connor McDavid wins face-off versus Joel Eriksson Ek in Calgary Flames zone.
5:02 of 3rd period - Snap shot by Alexis Lafreniere.
5:02 of 3rd period - Stopped by Ilya Sorokin with a rebound.
5:06 of 3rd period - Snap shot by Connor McDavid.
5:06 of 3rd period - Shot Misses the Net.
5:08 of 3rd period - Slapshot by Olli Maatta.
5:08 of 3rd period - Shot Misses the Net.
5:10 of 3rd period - Backhand shot by Jason Zucker.
5:10 of 3rd period - Stopped by Ilya Sorokin without a rebound.
5:11 of 3rd period - J.T. Miller wins face-off versus Connor Bedard in Calgary Flames zone.
5:20 of 3rd period - Wrist shot by Connor Bedard.
5:20 of 3rd period - Goal by Connor Bedard - Calgary Flames : 5 - Winnipeg Jets : 4.
5:21 of 3rd period - J.T. Miller wins face-off versus Connor McDavid in neutral zone.
5:44 of 3rd period - Minor Penalty to Oliver Ekman-Larsson for Tripping.
5:45 of 3rd period - Oliver Bjorkstrand wins face-off versus Barclay Goodrow in Winnipeg Jets zone.
6:22 of 3rd period - Wrist shot by Matthew Tkachuk.
6:22 of 3rd period - Goal by Matthew Tkachuk - Calgary Flames : 6 - Winnipeg Jets : 4.
6:23 of 3rd period - Sebastian Aho wins face-off versus Connor Bedard in neutral zone.
6:59 of 3rd period - Slapshot by Adam Lowry.
6:59 of 3rd period - Shot Blocked by Jeremy Lauzon.
7:01 of 3rd period - Slapshot by Olli Maatta.
7:01 of 3rd period - Shot Misses the Net.
7:22 of 3rd period - Minor Penalty to Jake Middleton for Interference.
7:23 of 3rd period - Pavel Zacha wins face-off versus Connor Bedard in Calgary Flames zone.
9:22 of 3rd period - Penalty to Jake Middleton is over, Jake Middleton is back on ice.
10:26 of 3rd period - Wrist shot by Oliver Bjorkstrand.
10:26 of 3rd period - Stopped by Ukko-Pekka Luukkonen without a rebound.
10:27 of 3rd period - Ridly Greig wins face-off versus J.T. Miller in Winnipeg Jets zone.
10:53 of 3rd period - Michael Kesselring is hit by Jake Middleton and loses puck.
11:04 of 3rd period - Snap shot by Joel Eriksson Ek.
11:04 of 3rd period - Shot Misses the Net.
11:11 of 3rd period - Icing by Adam Lowry.
11:12 of 3rd period - Adam Lowry wins face-off versus Oliver Bjorkstrand in Winnipeg Jets zone.
11:17 of 3rd period - Wrist shot by Mason Appleton.
11:17 of 3rd period - Shot Misses the Net.
11:19 of 3rd period - Snap shot by Mason Appleton.
11:19 of 3rd period - Deflect By Connor Bedard.
11:19 of 3rd period - Stopped by Ilya Sorokin with a rebound.
11:21 of 3rd period - Slapshot by Barclay Goodrow.
11:21 of 3rd period - Shot Misses the Net.
11:23 of 3rd period - Slapshot by Connor Bedard.
11:23 of 3rd period - Shot Misses the Net.
11:25 of 3rd period - Slapshot by Michael Kesselring.
11:25 of 3rd period - Shot Blocked by Mathieu Joseph.
11:27 of 3rd period - Snap shot by Mason Appleton.
11:27 of 3rd period - Shot Blocked by Cole Sillinger.
11:42 of 3rd period - Minor Penalty to Alexis Lafreniere for High sticking.
11:43 of 3rd period - Joel Eriksson Ek wins face-off versus Barclay Goodrow in Winnipeg Jets zone.
11:56 of 3rd period - Icing by Joel Eriksson Ek.
11:57 of 3rd period - Adam Lowry wins face-off versus Joel Eriksson Ek in Calgary Flames zone.
12:45 of 3rd period - Snap shot by Matthew Tkachuk.
12:45 of 3rd period - Shot Misses the Net.
12:47 of 3rd period - Slapshot by Drew Doughty.
12:47 of 3rd period - Stopped by Ukko-Pekka Luukkonen without a rebound.
12:48 of 3rd period - Zach Hyman wins face-off versus Barclay Goodrow in Winnipeg Jets zone.
12:51 of 3rd period - Snap shot by J.T. Miller.
12:51 of 3rd period - Stopped by Ukko-Pekka Luukkonen without a rebound.
12:52 of 3rd period - Oliver Bjorkstrand wins face-off versus Barclay Goodrow in Winnipeg Jets zone.
13:42 of 3rd period - Penalty to Alexis Lafreniere is over, Alexis Lafreniere is back on ice.
13:50 of 3rd period - Nic Dowd is hit by Ridly Greig and loses puck.
14:09 of 3rd period - Slapshot by Oliver Ekman-Larsson.
14:09 of 3rd period - Shot Blocked by Cole Sillinger.
14:37 of 3rd period - Pavel Zacha is hit by Dylan Samberg.
14:41 of 3rd period - Matthew Tkachuk is hit by Brayden Pachal and loses puck.
15:22 of 3rd period - Snap shot by Joel Eriksson Ek.
15:22 of 3rd period - Goal by Joel Eriksson Ek - Calgary Flames : 7 - Winnipeg Jets : 4.
15:23 of 3rd period - J.T. Miller wins face-off versus Connor McDavid in neutral zone.
15:23 of 3rd period - J.T. Miller is hit by Brayden Pachal.
15:29 of 3rd period - Wrist shot by Matthew Tkachuk.
15:29 of 3rd period - Stopped by Ukko-Pekka Luukkonen with a rebound.
15:31 of 3rd period - Snap shot by Matthew Tkachuk.
15:31 of 3rd period - Shot Misses the Net.
15:33 of 3rd period - Slapshot by Rasmus Andersson.
15:33 of 3rd period - Stopped by Ukko-Pekka Luukkonen with a rebound.
15:45 of 3rd period - Minor Penalty to Brayden Pachal for Tripping.
15:46 of 3rd period - Oliver Bjorkstrand wins face-off versus Connor McDavid in Winnipeg Jets zone.
16:03 of 3rd period - Wrist shot by Oliver Bjorkstrand.
16:03 of 3rd period - Shot Blocked by Connor McDavid.
16:38 of 3rd period - Jeff Petry is hit by Connor McDavid and loses puck.
17:45 of 3rd period - Penalty to Brayden Pachal is over, Brayden Pachal is back on ice.
17:49 of 3rd period - Icing by Matthew Tkachuk.
17:50 of 3rd period - Joel Eriksson Ek wins face-off versus Ridly Greig in Calgary Flames zone.
18:07 of 3rd period - Minor Penalty to Ridly Greig for Holding.
18:08 of 3rd period - Barclay Goodrow wins face-off versus Oliver Bjorkstrand in Winnipeg Jets zone.
18:35 of 3rd period - Pavel Zacha is hit by Barclay Goodrow and loses puck.
Goals for this period are 4 for Calgary Flames vs 2 for Winnipeg Jets.
Shots for this period are 20 for Calgary Flames vs 8 for Winnipeg Jets.
Back to the Top